 Dungeon Crawl Stone Soup version 0.17.0-28-g6e173f8 (webtiles) character file.

191 schauveau the Skirmisher (level 5, 0/34 HPs)
             Began as a Gargoyle Berserker on Nov 22, 2015.
             Was a Priest of Trog.
             Slain by a water moccasin skeleton (5 damage)
             ... on level 5 of the Dungeon.
             The game lasted 00:05:58 (2870 turns).

schauveau the Skirmisher (Gargoyle Berserker)       Turns: 2870, Time: 00:05:58

Health: 0/34       AC: 12    Str: 22    XL:     5   Next: 70%
Magic:  5/5        EV:  8    Int:  7    God:    Trog [***...]
Gold:   176        SH:  0    Dex:  9    Spells: 0 memorised, 4 levels left

rFire  . . .     SeeInvis .     a - +0 hand axe
rCold  . . .     Clarity  .     w - +0 chain mail
rNeg   + . .     SustAt   +     (no shield)
rPois  ∞         Gourm    .     s - +2 helmet
rElec  +         Spirit   .     (no cloak)
rCorr  .         Warding  .     (no gloves)
rMut   .         Stasis   .     (no boots)
MR     .....                    (no amulet)
Stlth  ..........               B - ring of sustain attributes
                                j - ring of stealth

@: corroded equipment, not resistant to hostile enchantments, extremely
unstealthy
A: negative energy resistance 1, electricity resistance, unbreathing,
petrification resistance, rot immunity, AC +4
a: Berserk, Trog's Hand, Burn Spellbooks, Renounce Religion


You were on level 5 of the Dungeon.
You worshipped Trog.
Trog was most pleased with you.
You were not hungry.

You visited 1 branch of the dungeon, and saw 5 of its levels.

You collected 176 gold pieces.

Inventory:

Hand Weapons
 a - a +0 hand axe (weapon)
Missiles
 n - 89 stones (quivered)
 z - 3 tomahawks
 A - 23 bolts
Armour
 b - a +0 animal skin
 i - a +0 ring mail
 s - a +2 helmet (worn)
 w - a +0 chain mail (worn)
Jewellery
 j - a ring of stealth (left hand)
 B - a ring of sustain attributes (right hand)
 E - an uncursed amulet of resist mutation {unknown}
Wands
 u - a wand of confusion (39)
 y - a wand of paralysis (12)
Scrolls
 k - 2 scrolls of identify
 l - a scroll of remove curse
 m - 2 scrolls of fear
 t - a scroll of noise
Potions
 e - a potion of flight {unknown}
 f - 3 potions of ambrosia
 h - a potion of magic {unknown}
 p - 2 potions of curing {unknown}
 x - 2 potions of cure mutation {unknown}
 C - a potion of agility {unknown}
Comestibles
 c - 4 bread rations
 d - 2 meat rations
 q - a beef jerky
 v - a royal jelly
 D - a slice of pizza


   Skills:
 + Level 4.4 Fighting
 * Level 4.4 Axes
 + Level 3.5 Armour
 - Level 1.5 Dodging


You had 4 spell levels left.
You didn't know any spells.

Dungeon Overview and Level Annotations

Branches:
Dungeon (5/15)
 Temple: D:4-7

Altars:
Ashenzari
Fedhas


Innate Abilities, Weirdness & Mutations

You are resistant to torment.
Your stone body is resilient (AC +4).
You are immune to poison.
You resist negative energy.
You are resistant to electric shocks.
You can survive without breathing.
You are immune to petrification.
You are immune to rotting.


Message History

The jelly is heavily wounded.
You barely miss the water moccasin skeleton.
The water moccasin skeleton bites you but does no damage.
The jelly barely misses you.
The water moccasin skeleton bites you but does no damage.
You hit the jelly.
Your hands burn!
The jelly is severely wounded.
You hit the water moccasin skeleton. The jelly barely misses you.
The water moccasin skeleton bites you but does no damage.
You hit the jelly but do no damage. The acid corrodes you!
Your hands burn!
* * * LOW HITPOINT WARNING * * *
The jelly is severely wounded.
You barely miss the water moccasin skeleton.
The water moccasin skeleton bites you but does no damage.
The jelly hits you but does no damage.
You hit the jelly but do no damage.
Your hands burn!
* * * LOW HITPOINT WARNING * * *
The jelly is severely wounded.
You hit the water moccasin skeleton. The water moccasin skeleton bites you.
You die...

**,,,,#.#,****,,,,,,,*
*,,,,#.#.#..,,,,,,,,*
**,**#.#.#.#,**,*****
*,**#.#.#.#,,,,*
*,,*#.#.#.#*****
**,*#.#.#.#
*,*#.#.#.#########
*,*#Z#.#.#.......#
*,,#@J...###.###.#
**,###.#.....# #.####
*,**#.#.##### #....#
*,,*#)#.# ####.#
**,*#.#.# #.# *,,#.#.#
#.# **,#.#.# ##.#
*,..#.# #... **,,#.#
#..#


You could see a jelly and a water moccasin skeleton.

Vanquished Creatures
  2 orc wizards (D:2)
  Terence (D:2)
  Robin (D:3)
  4 adders
  An ooze (D:2)
  A worm (D:3)
  A giant gecko (D:3)
  3 orcs (D:2)
  A giant cockroach (D:2)
  14 goblins
  5 hobgoblins
  4 kobolds
  A quokka (D:2)
  7 bats
  5 giant newts
  2 jackals (D:1)
  9 rats
62 creatures vanquished.

Notes
Turn   | Place    | Note
--------------------------------------------------------------
     0 | D:1      | schauveau the Gargoyle Berserker began the quest for the Orb.
     0 | D:1      | Reached XP level 1. HP: 14/14 MP: 1/1
   359 | D:1      | Reached XP level 2. HP: 16/19 MP: 2/2
   984 | D:2      | Reached ** piety under Trog
  1052 | D:2      | Noticed Terence
  1066 | D:2      | Reached XP level 3. HP: 19/23 MP: 3/3
  1133 | D:2      | Killed Terence
  1133 | D:2      | Reached XP level 4. HP: 18/29 MP: 4/4
  1175 | D:3      | Found a faded altar to an unknown god.
  1210 | D:3      | Noticed Robin
  1476 | D:3      | Killed Robin
  1476 | D:3      | Reached skill level 4 in Fighting
  1884 | D:2      | Reached XP level 5. HP: 33/33 MP: 5/5
  2200 | D:2      | Found a blossoming altar of Fedhas.
  2566 | D:3      | Found a shattered altar of Ashenzari.
  2810 | D:5      | Entered Level 5 of the Dungeon
  2830 | D:5      | Reached *** piety under Trog
  2870 | D:5      | Slain by a water moccasin skeleton

Action                   |  1- 3 |  4- 6 || total
-------------------------+-------+-------++-------
Melee: Hand axe          |   117 |   161 ||   278
  Use: Scroll            |       |     7 ||     7
  Eat: Chunk             |       |     5 ||     5
       Beef jerky        |       |     1 ||     1
